 Dungeon Crawl Stone Soup version 0.26.0-20-g3ca415f5b8 (webtiles) character file.

Game seed: 2096130289766985985

55 DildoBatman the Conjurer (level 4, -1/30 HPs)
             Began as a Formicid Conjurer on Jan 25, 2021.
             Slain by a frilled lizard (2 damage)
             ... on level 3 of the Dungeon.
             The game lasted 00:03:11 (1119 turns).

DildoBatman the Conjurer (Formicid Conjurer)        Turns: 1119, Time: 00:03:11

Health: -1/30      AC:  2    Str: 12    XL:     4   Next: 14%
Magic:  6/8        EV: 12    Int: 18    God:
Gold:   39         SH:  0    Dex:  9    Spells: 5/8 levels left

rFire    . . .     SeeInvis +   b - +0 flail
rCold    . . .     Faith    .   (no shield)
rNeg     . . .     Spirit   .   l - +0 robe
rPois    .         Reflect  .   (helmet unavailable)
rElec    .         Harm     .   (no cloak)
rCorr    .         Rampage  .   (no gloves)
Will     .....                  (no boots)
Stlth    ++........             (no amulet)
HPRegen  0.10/turn              (no ring)
MPRegen  0.11/turn              (no ring)

@: no status effects
A: permanent stasis, dig shafts and tunnels, four strong arms, antennae 3
a: Dig, Shaft Self


You were on level 3 of the Dungeon.
You visited 1 branch of the dungeon, and saw 3 of its levels.

You collected 39 gold pieces.

Inventory:

Hand Weapons
 a - a +0 hunting sling
 b - a +0 flail (weapon)
Missiles
 d - 111 stones
 g - 7 boomerangs
 h - 17 sling bullets
 n - 26 bolts
Armour
 l - a +0 robe (worn)
 m - a +0 buckler
 p - a +0 tower shield
Scrolls
 e - a scroll of enchant weapon {unknown}
 f - 3 scrolls of remove curse {unknown}
 i - a scroll of identify {unknown}
 k - a scroll of magic mapping {unknown}
 r - a scroll of enchant armour {unknown}
Potions
 c - a potion of cancellation {unknown}
 j - a potion of mutation {unknown}
 o - a potion of heal wounds {unknown}
 q - a potion of flight {unknown}


   Skills:
 - Level 1.7 Dodging
 - Level 2.4 Stealth
 * Level 1.8 Shields
 - Level 2.7 Spellcasting
 - Level 4.3 Conjurations


You had 5 spell levels left.
You knew the following spells:

 Your Spells              Type           Power        Failure   Level
a - Searing Ray           Conj           36%          4%          2
c - Magic Dart            Conj           72%          2%          1

Your spell library contained the following spells:

 Spells                   Type           Power        Failure   Level
 Dazzling Flash           Conj/Hex       20%          21%         3
 Fulminant Prism          Conj/Hex       5%           56%         4
 Iskenderun's Mystic Bla  Conj/Tloc      10%          56%         4


Dungeon Overview and Level Annotations

Branches:
Dungeon (3/15)

Altars:
Cheibriados
Dithmenos
Elyvilon
Makhleb


Innate Abilities, Weirdness & Mutations

You cannot be hasted, slowed, berserked, paralysed or teleported.
You can dig through walls and to a lower floor.
Your four strong arms can wield two-handed weapons with a shield.
You have a pair of large antennae on your head. (SInv)


Message History

What are your orders? t - Shout!
Orders for allies: a - Attack new target. r - Retreat! s - Stop attacking. g - Guard the area. f - Follow me.
Anything else - Cancel.
You shout for attention!
The kobold closely misses you. The frilled lizard barely misses you.
The goblin barely misses you. What are your orders? t - Shout!
Orders for allies: a - Attack new target. r - Retreat! s - Stop attacking. g - Guard the area. f - Follow me.
Anything else - Cancel.
You shout for attention!
The kobold barely misses you. The frilled lizard bites you.
You die...

## .# .# ..
.### ..#
#l# #@#
#gKr.#
.....#
.....#.!
<...... .#
##....... #
.....!...
####.#.....


You could see a goblin, a kobold, a frilled lizard and a rat.

Vanquished Creatures
  A gnoll (D:1)
  An adder (D:2)
  2 leopard geckos
  3 giant cockroaches
  6 goblins
  5 hobgoblins (D:1)
  6 bats
  2 frilled lizards
  A kobold (D:1)
  6 rats
33 creatures vanquished.

Notes
Turn   | Place    | Note
-------+----------+-------------------------------------------
     0 | D:1      | DildoBatman the Formicid Conjurer began the quest for the
                  | Orb.
     0 | D:1      | Reached XP level 1. HP: 13/13 MP: 3/3
   179 | D:1      | Reached skill level 4 in Conjurations
   179 | D:1      | Reached XP level 2. HP: 10/19 MP: 0/5
   246 | D:1      | Learned a level 2 spell: Searing Ray
   389 | D:1      | Reached XP level 3. HP: 19/24 MP: 0/6
   782 | D:2      | Found a burning altar of Makhleb.
   837 | D:2      | Reached skill level 1 in Shields
   978 | D:2      | Found a snail-covered altar of Cheibriados.
   978 | D:2      | Found a white marble altar of Elyvilon.
   979 | D:2      | Found a shadowy altar of Dithmenos.
  1098 | D:2      | Reached XP level 4. HP: 30/30 MP: 4/8
  1101 | D:2      | You fall into a shaft and drop 1 floor!
  1117 | D:3      | HP: 1/30 [goblin/+0 club (4)]
  1119 | D:3      | Slain by a frilled lizard

Illustrated notes

Levels and vault maps discovered:
D:1:      doesnt_arrival_eight_statues, layout_basic
D:2:      layout_rooms, lemuel_crystal_altar,
          gammafunk_temple_overflow_forgotten, dk_vineyard_2,
          hangedman_abyss_or_decor_stabs, hex_tiny, hangedman_glass_teeth,
          serial_bayou_lagoon_a, kennysheep_generic_room_15
D:3:      minmay_evil_eye, layout_loops_ring, lemuel_doored_altar

Skill      XL: |  1  2  3 |
---------------+----------+-----
Conjurations   | 4 |  4.3
Shields        | 1 |  1.8
Dodging        | |  1.7
Stealth        | |  2.4
Spellcasting   | |  2.7

Action                   |  1- 3 |  4- 6 || total
-------------------------+-------+-------++-------
Melee: Unarmed           |     6 |       ||     6
       Club              |    25 |       ||    25
       Flail             |     8 |       ||     8
 Cast: Magic Dart        |    45 |       ||    45
       Searing Ray       |     3 |       ||     3
 Abil: Shaft Self        |       |     1 ||     1
Armor: Robe              |    11 |     3 ||    14
Dodge: Dodged            |    37 |    22 ||    59
